 Dungeon Crawl Stone Soup version 0.28-b1-1-g3c77fb2ed1 (webtiles) character file.

Game seed: 10805106397504604460

263 McKennaii the Conjurer (level 5, -1/38 HPs)
             Began as a Demigod Conjurer on Jan 29, 2022.
             Killed by divine providence
             ... invoked by an orc priest
              (13 damage)
             ... on level 4 of the Dungeon.
             The game lasted 00:02:17 (3639 turns).

McKennaii the Conjurer (Demigod Conjurer)           Turns: 3639, Time: 00:02:18

Health: -1/38      AC:  3    Str:  8    XL:     5   Next: 65%
Magic:  4/12       EV: 12    Int: 24    God:
Gold:   78         SH:  0    Dex: 12    Spells: 3/10 levels left

rFire   . . .      SeeInvis .   (no weapon)
rCold   . . .      Faith    .   (no shield)
rNeg    . . .      Spirit   .   a - +0 robe
rPois   .          Reflect  .   (no helmet)
rElec   .          Harm     .   (no cloak)
rCorr   .          Rampage  .   (no gloves)
Will    .....                   f - +0 pair of boots
Stlth   ++........              (no amulet)
HPRegen 0.12/turn               (no ring)
MPRegen 0.13/turn               (no ring)

@: no status effects
A: high mp 1, forlorn, divine attributes
a: no special abilities


You were on level 4 of the Dungeon.
You visited 1 branch of the dungeon, and saw 4 of its levels.

You collected 78 gold pieces.

Inventory:

Armour
 a - a +0 robe (worn)
 f - a +0 pair of boots (worn)
Wands
 g - a wand of iceblast (11)
 l - a wand of polymorph (8)
Scrolls
 c - a scroll of teleportation {unknown}
 d - 2 scrolls of blinking {unknown}
 e - a scroll of identify {unknown}
 h - a scroll of fear {unknown}
 i - a scroll of vulnerability {unknown}
 j - a scroll of noise {unknown}
 m - a scroll of enchant armour {unknown}
Potions
 b - a potion of lignification {unknown}
 k - 2 potions of might {unknown}
 n - a potion of degeneration {unknown}
 o - a potion of brilliance {unknown}


   Skills:
 - Level 1.7 Dodging
 - Level 1.7 Stealth
 + Level 3.0 Spellcasting
 * Level 6.0 Conjurations


You had 3 spell levels left.
You knew the following spells:

 Your Spells              Type           Power      Damage    Failure   Level
a - Magic Dart            Conj           100%       1d8       1%          1
b - Searing Ray           Conj           64%        2d6       1%          2
c - Iskenderun's Mystic   Conj/Tloc      18%        2d6       30%         4

Your spell library contained the following spells:

 Spells                   Type           Power      Damage    Failure   Level
 Dazzling Flash           Conj/Hex       36%        N/A       10%         3
 Fulminant Prism          Conj/Hex       9%         3d7       30%         4


Dungeon Overview and Level Annotations

Branches:
Dungeon (4/15)
 Temple: D:4-7


Innate Abilities, Weirdness & Mutations

You have an increased reservoir of magic. (+10% MP)
You shall have no god before yourself.
Your divine heritage dramatically boosts your attributes as you level up.


Message History

The orc is heavily wounded.
The magic dart hits the orc but does no damage.
The orc is heavily wounded.
The magic dart hits the orc.
You kill the orc!
The magic dart hits the orc priest.
The orc priest is lightly wounded.
The magic dart hits the orc priest but does no damage.
The orc priest is lightly wounded.
The orc priest hits you from afar with a +0 trident.
The magic dart hits the orc priest.
The orc priest is moderately wounded.
The orc priest hits you from afar with a +0 trident!
The magic dart hits the orc priest.
The orc priest is heavily wounded.
The orc priest mumbles some strange prayers to Beogh against you.
Pain shoots through your body!
The magic dart hits the orc priest.
The orc priest is almost dead.
An orc priest comes into view. It is wielding a +0 short sword.
The orc priest invokes the aid of Beogh against you.
Beogh smites you!
* * * LOW HITPOINT WARNING * * *
The orc priest shouts!
Casting: Magic Dart (safe; 1% risk of failure)
Confirm with . or Enter, or press ? or * to list all spells.
Aiming: Magic Dart (safe; 1% risk of failure)
Press: ? - help, Shift-Dir - straight line, f/p - orc priest
Aim: an orc priest, wielding a +0 trident (almost dead, 100% to hit)
The magic dart hits the orc priest.
You kill the orc priest!
Your Conjurations skill increases to level 6!
Unknown command.
There is an open door here.
There is an open door here.
You close the door.
An orc priest breaks down the door.
The orc priest mumbles some strange prayers to Beogh against you.
Beogh smites you!
You die...

#......... ######
#......... #) .# ####....#
#......... #.###.#
...#.##.# #....†.... .....#
#.##.##.# ##'#...(..
....###.##..#'#####.##..###
#.....#.#........##.# .>#
#..##.#.#......).##.# ###
#...#.#.#.).@....'o.#
#...#...'........####
###.#.....#........#
#...################ #.###
###.# ....# #####


You could see an orc priest.

Vanquished Creatures
  A scorpion (D:4)
  A jelly (D:4)
  An orc priest (D:4)
  An iguana (D:3)
  6 adders
  A worm (D:3)
  An orc (D:4)
  9 ball pythons
  A bat (D:3)
  3 endoplasms
  6 goblins
  6 hobgoblins
  7 jackals
  3 kobolds
  5 quokkas
  9 frilled lizards (D:2)
  7 rats
68 creatures vanquished.

Notes
Turn   | Place    | Note
-------+----------+-------------------------------------------
     0 | D:1      | McKennaii the Demigod Conjurer began the quest for the Orb.
     0 | D:1      | Reached XP level 1. HP: 14/14 MP: 5/5
   215 | D:1      | Reached skill level 4 in Conjurations
   533 | D:1      | Reached XP level 2. HP: 20/20 MP: 5/7
  1616 | D:2      | Reached XP level 3. HP: 26/26 MP: 6/8
  2502 | D:2      | Reached skill level 5 in Conjurations
  2620 | D:3      | Reached XP level 4. HP: 33/33 MP: 4/10
  3234 | D:4      | Reached XP level 5. HP: 13/38 MP: 2/12
  3237 | D:4      | Learned a level 2 spell: Searing Ray
  3242 | D:4      | Learned a level 4 spell: Iskenderun's Mystic Blast
  3616 | D:4      | Reached skill level 6 in Conjurations
  3639 | D:4      | Killed from afar by an orc priest

Illustrated notes

Levels and vault maps discovered:
D:1:      matt_arrival_refuge, layout_loops_cross,
          hellmonk_ecumenical_altar_leap_of_faith
D:2:      layout_rooms, serial_co_window_serial, co_window_cross_1,
          co_window_paths_a, co_window_paths_b, co_window_paths_a,
          co_window_paths_a, co_window_paths_a, co_window_broadway_c,
          co_window_2corner, co_window_of_opportunity_c, co_window_corner_cb,
          co_window_unsneaky_path_b, co_window_unsneaky_path_a,
          co_window_broadway_b, glass_columns_c, glass_columns_a,
          kennysheep_doodads, st_stairs_4, minmay_lizard_pond
D:3:      layout_basic
D:4:      layout_basic, minmay_temple_entry_offerings

Skill      XL: |  1  2  3  4  5 |
---------------+----------------+-----
Conjurations   | 4 5 6 |  6.0
Spellcasting   | 2 3 |  3.0
Dodging        | |  1.7
Stealth        | |  1.7

Action                   |  1- 3 |  4- 6 || total
-------------------------+-------+-------++-------
Melee: Unarmed           |     5 |       ||     5
 Cast: Magic Dart        |    98 |    59 ||   157
Armor: Robe              |       |     1 ||     1
Dodge: Dodged            |     9 |       ||     9
